 Dungeon Crawl Stone Soup version 0.22.1-1-ga44c0e5 (webtiles) character file.

9129 eccles the Cleaver (level 11, -2/148 HPs)
             Began as a Minotaur Berserker on Oct 3, 2018.
             Was a High Priest of Trog.
             Slain by a freezing wraith (23 damage)
             ... led by a death knight
             ... on level 10 of the Dungeon on Oct 5, 2018.
             The game lasted 00:49:14 (7862 turns).

eccles the Cleaver (Minotaur Berserker)             Turns: 7862, Time: 00:49:16

Health: -2/148     AC: 15    Str: 33    XL:     11   Next: 19%
Magic:  10/10      EV:  6    Int:  4    God:    Trog [*****.]
Gold:   819        SH: 21    Dex: 12    Spells: 10/10 levels left

rFire    . . .     SeeInvis .   G - +7 broad axe (freeze)
rCold    . . .     Gourm    .   q - +2 large shield
rNeg     . . .     Faith    .   g - +0 plate armour
rPois    +         Spirit   .   B - +0 hat
rElec    .         Reflect  .   (no cloak)
rCorr    .         Harm     .   (no gloves)
MR       .....                  L - +1 pair of boots {Stlth+}
Stlth    ..........             C - amulet of magic regeneration
HPRegen  0.34/turn              F - +5 ring of strength
MPRegen  0.37/turn              H - ring of poison resistance

@: berserking, slowed
A: retaliatory headbutt, horns 2
a: Berserk, Trog's Hand, Brothers in Arms, Renounce Religion


You were on level 10 of the Dungeon.
You worshipped Trog.
Trog was extremely pleased with you.
You were hungry.

You visited 1 branch of the dungeon, and saw 11 of its levels.

You collected 819 gold pieces.

Inventory:

Hand Weapons
 a - a +1 hand axe
 o - a +2 war axe of flaming
 G - a +7 broad axe of freezing (weapon)
Missiles
 r - 10 tomahawks (quivered)
Armour
 b - a +0 animal skin
 g - a +0 plate armour (worn)
 q - a +2 large shield (worn)
 B - a +0 hat (worn)
 L - a +1 pair of boots of stealth (worn)
Jewellery
 u - an uncursed amulet of inaccuracy
 v - an uncursed ring of stealth
 x - an uncursed ring of magical power
 C - an amulet of magic regeneration (around neck)
 E - an uncursed ring of flight
 F - a +5 ring of strength (left hand)
 H - a ring of poison resistance (right hand)
Wands
 h - a wand of acid (8)
 p - a wand of iceblast (12)
 w - a wand of enslavement (8)
 K - a wand of paralysis (13)
Scrolls
 e - 6 scrolls of teleportation
 l - 2 scrolls of fog
 s - 4 scrolls of magic mapping
 y - 3 scrolls of remove curse
 D - a scroll of random uselessness
 M - a scroll of amnesia {unknown}
Potions
 d - 2 potions of lignification
 f - 6 potions of agility
 i - 3 potions of heal wounds
 j - 3 potions of haste
 k - a potion of degeneration
 m - 3 potions of might
 n - 5 potions of curing
 t - a potion of flight
 z - a potion of cancellation {unknown}
 A - a potion of resistance {unknown}
 I - 2 potions of mutation {unknown}
Comestibles
 c - 22 rations
 J - 3 chunks of flesh


   Skills:
 * Level 9.7 Fighting
 * Level 14.5 Axes
 + Level 7.0 Armour
 + Level 3.1 Dodging
 + Level 0.9 Stealth
 + Level 9.2 Shields


You had 10 spell levels left.
You didn't know any spells.
Your spell library was empty.

Dungeon Overview and Level Annotations

Branches:
Dungeon (11/15)            Temple (0/1) D:4             Orc (0/2) D:10
   Lair: D:8-11

Altars:
Ashenzari
Cheibriados
Dithmenos
Elyvilon
Kikubaaqudgha
Okawaru
Qazlal
Sif Muna
Trog
Uskayaw
Xom
Zin
The Shining One

Shops:
D:8 :


Innate Abilities, Weirdness & Mutations

You reflexively headbutt those who attack you in melee.
You have a pair of horns on your head.


Message History

You kill the death knight!
Trog accepts your kill.
Your Armour skill increases to level 7!
You block the freezing wraith's attack. The freezing wraith hits you.
* * * LOW HITPOINT WARNING * * *
The freezing wraith drains your vigour!
You feel as though you will be slow longer.
You block the freezing wraith's attack. The freezing wraith hits you.
* * * LOW HITPOINT WARNING * * *
The freezing wraith drains your vigour!
You feel as though you will be slow longer.
You block the freezing wraith's attack.
The freezing wraith hits you but does no damage.
You slice the freezing wraith!!
You destroy the freezing wraith!
Trog accepts your kill.
You closely miss the freezing wraith. The freezing wraith hits you.
* * * LOW HITPOINT WARNING * * *
The freezing wraith freezes you!!
You die...

......# #......+......#####
......# ######......####..#.#..#
......# #.................##.##.
......# #.####..#######..##.#..#
......# #.# #..#######..##.#..#
......# #.# #............##.##.
......# #.# #...#######..#.#..#
......####.####..W##### #...#####
......'........>@.....# #.....##(
......####.##.........# #........
......# #.##.........# ##.##.#.#
####### #.##......(..# #....#.#
##########.##.........# ####.#.#
#..........##.........# #.#.#
#..........##.........# #.#.#
#..........##.........#######.#.#
#..........####...............#.#


You could see a freezing wraith.

Vanquished Creatures
  A hydra (D:9)
  2 centaur warriors (D:9)
  A death knight (D:10)
  Pikel (D:4)
  A freezing wraith (D:10)
  A yaktaur (shapeshifter) (D:9)
  Grinder (D:3)
  2 hornets (D:8)
  Prince Ribbit (D:5)
  Sigmund (D:5)
  A wyvern (D:9)
  A shadow (D:9)
  Eustachio (D:4)
  Edmund (D:4)
  2 soldier ants (D:8)
  Duvessa (D:4)
  3 orc warriors
  2 sky beasts
  2 slaves (D:4)
  A black bear (D:7)
  An ice beast (D:10)
  7 centaurs
  A necrophage (D:7)
  An ogre (D:7)
  3 big kobolds
  4 bullfrogs
  A scorpion (D:4)
  Dowan (D:4)
  5 killer bees (D:9)
  3 wights (D:7)
  3 crimson imps
  5 howler monkeys
  2 bullfrog zombies
  A centaur zombie (D:6)
  2 hounds
  2 quasits
  2 orc priests
  A bullfrog skeleton (D:10)
  3 centaur skeletons
  Ijyb (D:4)
  4 iguanas
  6 orc wizards
  9 worker ants
  A hound skeleton (D:7)
  A worker ant zombie (D:9)
  13 adders
  2 shadow imps (D:9)
  2 oozes
  An adder skeleton (D:6)
  3 worms
  2 dart slugs (D:3)
  5 leopard geckos
  33 orcs
  A ball python (D:3)
  6 giant cockroaches
  9 goblins
  10 hobgoblins
  4 jackals
  2 quokkas (D:7)
  2 bats (D:1)
  A frilled lizard (D:2)
  26 kobolds
  12 rats
231 creatures vanquished.

Vanquished Creatures (others)
  An orc wizard (D:4)
  An orc (D:4)
2 creatures vanquished.

Grand Total: 233 creatures vanquished

Notes
Turn   | Place    | Note
-------+----------+-------------------------------------------
     0 | D:1      | eccles the Minotaur Berserker began the quest for the Orb.
     0 | D:1      | Reached XP level 1. HP: 19/19 MP: 0/0
   169 | D:1      | Reached XP level 2. HP: 12/27 MP: 1/1
   186 | D:1      | Reached skill level 4 in Axes
   943 | D:1      | Reached XP level 3. HP: 33/33 MP: 2/2
  1049 | D:1      | Reached ** piety under Trog
  1785 | D:3      | Reached XP level 4. HP: 37/41 MP: 3/3
  1827 | D:3      | Reached skill level 5 in Fighting
  1827 | D:3      | Reached skill level 5 in Axes
  1905 | D:3      | Found a stormy altar of Qazlal.
  2055 | D:3      | Found a faded altar of an unknown god.
  2088 | D:3      | Reached XP level 5. HP: 47/48 MP: 4/4
  2249 | D:3      | Reached *** piety under Trog
  2374 | D:3      | Noticed Grinder
  2389 | D:3      | Killed Grinder
  2389 | D:3      | Reached skill level 6 in Axes
  2389 | D:3      | Reached XP level 6. HP: 39/56 MP: 5/5
  2547 | D:4      | Found a staircase to the Ecumenical Temple.
  2551 | D:4      | Reached skill level 7 in Axes
  2664 | D:4      | Noticed Dowan
  2671 | D:4      | Noticed Duvessa
  2672 | D:4      | Killed Dowan
  2672 | D:4      | Reached skill level 1 in Shields
  2672 | D:4      | Reached XP level 7. HP: 62/63 MP: 6/6
  2680 | D:4      | Killed Duvessa
  2680 | D:4      | Reached skill level 8 in Axes
  2699 | D:4      | Noticed Eustachio
  2724 | D:4      | Killed Eustachio
  2811 | D:4      | Found a hide-covered altar of Uskayaw.
  2835 | D:4      | Noticed Edmund
  2848 | D:4      | Killed Edmund
  2848 | D:4      | Reached skill level 9 in Axes
  2848 | D:4      | Reached XP level 8. HP: 66/71 MP: 7/7
  3074 | D:4      | Noticed Pikel
  3077 | D:4      | Noticed Ijyb
  3088 | D:4      | Killed Pikel
  3088 | D:4      | Reached skill level 10 in Axes
  3100 | D:4      | Killed Ijyb
  3126 | D:4      | Found a bloodstained altar of Trog.
  3127 | D:4      | Found a white marble altar of Elyvilon.
  3160 | D:4      | Reached skill level 5 in Shields
  3162 | D:4      | Reached **** piety under Trog
  3284 | D:5      | Entered Level 5 of the Dungeon
  3285 | D:5      | Noticed Sigmund
  3296 | D:5      | Killed Sigmund
  3417 | D:5      | Reached XP level 9. HP: 79/79 MP: 8/8
  3940 | D:5      | Noticed Prince Ribbit
  3953 | D:5      | Killed Prince Ribbit
  3953 | D:5      | Reached skill level 11 in Axes
  3953 | D:5      | Reached skill level 5 in Armour
  4771 | D:6      | Found a glowing golden altar of the Shining One.
  4905 | D:7      | Reached ***** piety under Trog
  5085 | D:7      | Found a glowing silver altar of Zin.
  5087 | D:7      | Found an iron altar of Okawaru.
  5089 | D:7      | Found a shattered altar of Ashenzari.
  5090 | D:7      | Found a deep blue altar of Sif Muna.
  5090 | D:7      | Found an ancient bone altar of Kikubaaqudgha.
  5094 | D:7      | Found a shimmering altar of Xom.
  5203 | D:7      | Reached skill level 12 in Axes
  5488 | D:8      | You fall through a shaft!
  5510 | D:9      | Found a shadowy altar of Dithmenos.
  5618 | D:8      | Reached XP level 10. HP: 79/88 MP: 9/9
  5916 | D:8      | Found a shadowy altar of Dithmenos.
  5929 | D:8      | Found Joaptith's Book Boutique.
  6041 | D:9      | Reached skill level 13 in Axes
  6397 | D:9      | Received a gift from Trog
  6566 | D:9      | Noticed a six-headed hydra
  6573 | D:9      | Killed a ten-headed hydra
  6905 | D:9      | Noticed a centaur warrior
  6913 | D:9      | Killed a centaur warrior
  6913 | D:9      | Reached skill level 14 in Axes
  6963 | D:9      | Paralysed by an orc warrior for 2 turns
  6970 | D:9      | Found a glowing silver altar of Zin.
  6974 | D:9      | Found a snail-covered altar of Cheibriados.
  6974 | D:9      | Found a shimmering altar of Xom.
  6974 | D:9      | Found a shattered altar of Ashenzari.
  7021 | D:9      | Noticed a centaur warrior
  7031 | D:9      | Killed a centaur warrior
  7031 | D:9      | Reached XP level 11. HP: 61/97 MP: 10/10
  7290 | D:10     | Entered Level 10 of the Dungeon
  7313 | D:10     | Found a staircase to the Orcish Mines.
  7610 | D:10     | Found a white marble altar of Elyvilon.
  7848 | D:11     | Noticed a death knight
  7848 | D:11     | Noticed a phantasmal warrior
  7861 | D:10     | Killed a death knight
  7862 | D:10     | Slain by a freezing wraith

Skill      XL: |  1  2  3  4  5  6  7  8  9 10 11 |
---------------+----------------------------------+-----
Axes           | 4 5 6 7 9 10 12 14 | 14.5
Fighting       | 4 5 6 7 8 9 |  9.7
Armour         | 3 4 5 6 7 |  7.0
Shields        | 1 3 5 7 8 9 |  9.2
Dodging        | 3 |  3.1
Stealth        | |  0.9

Action                   |  1- 3 |  4- 6 |  7- 9 | 10-12 || total
-------------------------+-------+-------+-------+-------++-------
Melee: Hand axe          |    76 |    43 |       |       ||   119
       Headbutt          |    14 |    17 |    49 |    27 ||   107
       War axe           |       |    67 |   244 |    60 ||   371
       Broad axe         |       |       |       |    61 ||    61
Invok: Berserk           |       |       |     1 |     2 ||     3
  Use: Scroll            |     7 |     2 |     5 |     3 ||    17
 Stab: Sleeping          |     1 |       |       |       ||     1
       Distracted        |       |       |     1 |       ||     1
  Eat: Chunk             |     3 |     3 |     7 |     8 ||    21
       Ration            |       |       |     1 |       ||     1
Armor: Animal skin       |     5 |       |       |       ||     5
       Plate armour      |    21 |    49 |    83 |    46 ||   199
Dodge: Dodged            |    24 |    17 |    29 |    15 ||    85
Block: Large shield      |       |    38 |   219 |   146 ||   403
